[Event "*** MasterClass Titled Tuesday Blitz"]
[Site "Chess.com"]
[Date "2017.11.07"]
[Round "6"]
[White "BergenChessAcademy"]
[Black "Po6Don"]
[Result "1-0"]
[WhiteElo "1682"]
[BlackElo "1940"]
[TimeControl "180+2"]
[EndTime "15:30:11 PST"]
[Termination "BergenChessAcademy won on time"]

1. d4 d5 2. c4 e5 3. dxe5 d4 4. e3 Nc6 5. exd4 Qxd4 6. Nc3 Qxe5+ 7. Qe2 Be6 8. Nf3 Qh5 9. Bg5 Bb4 10. O-O-O Bxc3 11. bxc3 h6 12. Bf4 Nf6 13. Nd4 Qa5 14. Nxe6 Qxc3+ 15. Kb1 Qb4+ 16. Ka1 Qc3+ 17. Kb1 Qb4+ 18. Qb2 fxe6 19.
Qxb4 Nxb4 20. f3 c6 21. Be5 Rd8 22. Be2 Kf7 23. g4 Ke7 24. Bc7 Rd7 25. Rxd7+ Kxd7 26. Be5 Rd8 27. h4 Ke7 28. g5 Ne8 29. f4 Rd2 30.
Bh5 Nd3 31. Bc3 Rf2 32. Bxe8 Kxe8 33. Bxg7 hxg5 34. fxg5 Kf7 35. Bc3 Kg6 36. h5+ Kxg5 37. h6 e5 38. h7 Rf8 39. h8=Q Rxh8 40. Rxh8 Kf4 41. Kc2 e4 42. Bd4 c5 43. Rf8+ Kg4 44.
Be3 b6 45. Rf7 a6 46. Rf6 b5 47. Kc3 b4+ 48. Kc2 a5 49. Ra6 b3+ 50. Kxb3 Kf3 51.
Bd2 e3 52. Bc3 e2 53. Rf6+ Ke3 54. Re6+ Kf3 55. Re8 Nc1+ 56. Kc2 Nxa2 57. Bxa5 Nb4+ 58. Bxb4 cxb4 59. Kb3 Kf2 60. Rxe2+ Kxe2 61. c5 Ke3 62. c6 Kd4 63. c7 1-0

[Event "*** MasterClass Titled Tuesday Blitz"]
[Site "Chess.com"]
[Date "2017.11.07"]
[Round "6"]
[White "Man-Chuk"]
[Black "Hikaru"]
[Result "0-1"]
[WhiteElo "2624"]
[BlackElo "2992"]
[TimeControl "180+2"]
[EndTime "15:30:15 PST"]
[Termination "Hikaru won by resignation"]

1. d4 Nf6 2. Nf3 b6 3. g3 Bb7 4. Bg2 g6 5. O-O Bg7 6. c4 O-O 7. Qc2 c5 8. d5 e6 9. e4 exd5 10. exd5 d6 11. Nc3 Na6 12. Bf4 Nc7 13. Qd2 Ba6 14. b3 b5 15. cxb5 Nxb5 16. Nxb5 Bxb5 17.
Rfe1 Ne4 18. Qc2 Bxa1 19. Rxa1 Re8 20. h4 Qf6 21. Rc1 Qf5 22. Ng5 Nxg5 23. Qxf5 gxf5 24. hxg5 Rad8 25. Rc3 Re1+ 26. Kh2 Re2 27. a4 Ba6 28. Kg1 Re1+ 29. Kh2 Kg7 30. Bf3 Kg6 31. Kg2 Be2 32. Bxe2 Rxe2 33. a5 Ra2 34. Re3 Rxa5 35. Re7 Ra3 36.
Rb7 Ra1 37. Rc7 Rd1 38. Rxa7 Rxd5 39. Rb7 Re8 40. b4 cxb4 41. Rxb4 f6 42. gxf6 Kxf6 43. Rb7 Rh8 44. Rb6 Ke6 45. Rb7 h5 46. Bg5 Ra5 47.
Re7+ Kd5 48. Rf7 Kc6 49. Rf6 Rd5 50. Kh3 Rd4 51. Bf4 h4 52. Rxf5 hxg3+ 53. Kxg3 Rd3+ 54. Be3 d5 55. Rf6+ Kb5 56. Rb6+ Kc4 57. Rc6+ Kb3 58. Rb6+ Kc2 59. Rc6+ Kb3 60. Rb6+ Kc4 61. Rc6+ Kb5 62. Rb6+ Ka5 63. Rd6 Rf8 64. Kg2 Rd1 65. Rd7 Kb5 66. Rd6 Kc4 67. Rc6+ Kd3 68. Rd6 Ke2 69.
Re6 Rg8+ 70. Bg5+ Kd3 71. f4 d4 72. Kf3 Rf1+ 73. Kg4 Kc4 74. Kf5 d3 75. Rd6 Rf8+ 76.
Bf6 Rf2 77. Rd4+ Kc3 78. Rd6+ Kc2 79. Rc6+ Kd1 80. Rd6 d2 81. Kg4 Ke2 82. Re6+ Kf1 83. Rd6 Rxf6 0-1

[Event "*** MasterClass Titled Tuesday Blitz"]
[Site "Chess.com"]
[Date "2017.11.07"]
[Round "6"]
[White "Bad4life"]
[Black "StoreySniper"]
[Result "0-1"]
[WhiteElo "2376"]
[BlackElo "2297"]
[TimeControl "180+2"]
[EndTime "15:30:53 PST"]
[Termination "StoreySniper won by resignation"]

1. e4 g6 2. d4 Bg7 3. Nc3 c5 4. dxc5 Bxc3+ 5. bxc3 Nf6 6. Qd4 Nc6 7. Qa4 Qc7 8. Nf3 O-O 9. Bd3 b6 10. Bh6 Re8 11.
cxb6 Qxb6 12. O-O Rb8 13. e5 Nd5 14. Qh4 Nd8 15. c4 Nb4 16. Rab1 Qc7 17. Bf5 Rb6 18. Be3 Nxa2 19. Rxb6 axb6 20. e6 dxe6 21. Ng5 h5 22. Bg4 Qe5 23. Bxh5 gxh5 24. Bd4 Qf5 25. Qxh5 e5 26.
Bxb6 Ne6 27. h4 Nxg5 28. hxg5 Qg6 29. Qxg6+ fxg6 30. Ba5 Be6 31. Re1 Bxc4 32. Rxe5 e6 33. Bd2 Rc8 34. Ra5 Kf7 35. Ra7+ Ke8 36. Kh2 Rd8 37.
Ba5 Rd7 38. Ra8+ Kf7 39. Kg3 Nc1 40. Rh8 Ne2+ 41. Kf3 Nd4+ 42. Ke4 Nf5 43. Rh7+ Ng7 44. Bc3 Kg8 45. Rh6 Bd5+ 46. Ke5 Kf7 47. Rh7 Rc7 48. Bd4 Kg8 49. Rh6 Nf5 50. Rxg6+ Kh7 51. Rf6 Nxd4 52. Kxd4 Rxc2 53. Rh6+ Kg7 54. f4 Rxg2 55.
Ke5 Re2+ 56. Kd6 Re4 57. Rf6 Ra4 58. Ke5 Re4+ 59. Kd6 Ra4 60. Ke5 Ra5 61. Kd6 Bb3 62. Ke7 Ra7+ 63. Kd6 Rf7 64. Ke5 Rd7 65. Rh6 Rd5+ 66.
Ke4 Rc5 67. Kd4 Rd5+ 68. Ke4 Bc2+ 69. Ke3 Bf5 70. Rh4 Rd3+ 71. Ke2 Rh3 72. Kf2 Rxh4 0-1

[Event "*** MasterClass Titled Tuesday Blitz"]
[Site "Chess.com"]
[Date "2017.11.07"]
[Round "6"]
[White "krzyzan94"]
[Black "Alexander_Donchenko"]
[Result "1/2-1/2"]
[WhiteElo "2600"]
[BlackElo "2661"]
[TimeControl "180+2"]
[EndTime "15:31:23 PST"]
[Termination "Game drawn by repetition"]

1. d4 Nf6 2. Nc3 d5 3. Bg5 Nbd7 4. e3 h6 5. Bh4 c6 6. Nf3 Qb6 7. Rb1 e6 8. Bd3 Bd6 9. Bg3 Qc7 10. O-O Bxg3 11.
hxg3 O-O 12. e4 dxe4 13. Nxe4 Nxe4 14. Bxe4 e5 15. Re1 exd4 16. Qxd4 Nf6 17. Bd3 Be6 18.
Rbd1 Rad8 19. Qe5 Qxe5 20. Nxe5 Nd7 21. b3 Nxe5 22. Rxe5 Rfe8 23. Rde1 Kf8 24. f4 Bd5 25. Kf2 Rxe5 26. Rxe5 f6 27. Re1 a5 28. a4 Bxb3 29.
Rb1 Bxa4 30. Rxb7 Bxc2 31. Bc4 a4 32. Ke3 Bb3 33. Bxb3 axb3 34. Rxb3 Ke7 35. Ke4 g6 36. f5 gxf5+ 37. Kxf5 Rd5+ 38. Ke4 Rg5 39. Rb7+ Ke6 40. Rc7 Re5+ 41. Kf4 Rf5+ 42. Ke4 Re5+ 43. Kf4 c5 44. Rc6+ Kf7 45. g4 Kg6 46. Rc8 Rd5 47.
g3 Rd4+ 48. Kf3 c4 49. Rc7 Rd3+ 50. Kf4 Rd4+ 51. Kf3 Rd3+ 52. Kf4 Rc3 53. Rc8 Rc1 54. Rg8+ Kf7 55. Rh8 c3 56. Ke3 Kg7 57. Rc8 Kg6 58. Rg8+ Kf7 59. Rc8 Kg7 60. Rc7+ Kg6 61. Rc8 Re1+ 62.
Kf2 Rc1 63. Ke3 c2 64. Kd2 Rg1 65. Kxc2 Rxg3 66. Kd2 Rxg4 67. Ke3 f5 68. Kf3 Ra4 69. Rg8+ Kf6 70. Rh8 Kg7 71. Rb8 h5 72. Rb6 Rg4 73. Rb8 Kf6 74. Rh8 h4 75. Rh5 Ra4 76. Rh8 h3 77.
Rxh3 Ra3+ 78. Kf4 Ra4+ 79. Kf3 Ra3+ 80. Kf4 Ra4+ 81. Kf3 1/2-1/2

[Event "*** MasterClass Titled Tuesday Blitz"]
[Site "Chess.com"]
[Date "2017.11.07"]
[Round "6"]
[White "Sam_ChessMood"]
[Black "severomorskij"]
[Result "1/2-1/2"]
[WhiteElo "2634"]
[BlackElo "2642"]
[TimeControl "180+2"]
[EndTime "15:31:29 PST"]
[Termination "Game drawn by repetition"]

1. e4 c5 2. Nf3 e6 3. g3 Nc6 4.
Bg2 Nf6 5. Qe2 e5 6. O-O Be7 7. c3 O-O 8. Rd1 d5 9. d3 d4 10.
Nbd2 Rb8 11. Nc4 Nd7 12. a4 b6 13. Rf1 a6 14. cxd4 cxd4 15. Bd2 f6 16. Qd1 a5 17.
Ne1 Bb4 18. Bxb4 Nxb4 19. f4 Ba6 20. b3 Bxc4 21. bxc4 Nc5 22. f5 Qd7 23. Ra3 Kf7 24. g4 h6 25. h4 Ke7 26. Nc2 Nxc2 27. Qxc2 Kd6 28. Rb1 Kc7 29. Rb5 g6 30. Ra1 gxf5 31.
exf5 Rg8 32. Qe2 h5 33. g5 fxg5 34. Qxe5+ Qd6 35. Qxd6+ Kxd6 36. Rab1 Kc7 37. Bd5 Rgf8 38. hxg5 Rxf5 39. Rf1 Rxf1+ 40. Kxf1 Rf8+ 41. Ke2 Rf5 42. g6 Rg5 43. Bf7 h4 44. Rb1 Rg3 45. Rh1 h3 46.
Kf2 Rxd3 47. g7 Ne4+ 48. Ke2 Re3+ 49. Kd1 Nf6 50. g8=Q Nxg8 51. Bxg8 Kd6 52. Kd2 Kc5 53. Bd5 Ra3 54. Rb1 Ra2+ 55. Kd3 Ra3+ 56. Kd2 Ra2+ 57.
Kd3 Ra3+ 58. Ke4 Re3+ 59. Kf4 h2 60. Rb5+ Kd6 61. Rxb6+ Kc5 62. Rh6 Re2 63. Kg3 d3 64. Bf3 Ra2 65. Rc6+ Kd4 66. c5 d2 67. Rc8 d1=Q 68. Rd8+ Kxc5 69. Rxd1 Rxa4 70. Kxh2 Rd4 71. Ra1 a4 72. Bd1 a3 73. Bb3 Kb4 74. Bf7 Rd7 75. Be6 Rd6 76. Bf7 Rd7 77. Be6 Rd6 78. Bf7 Rd7 1/2-1/2

[Event "*** MasterClass Titled Tuesday Blitz"]
[Site "Chess.com"]
[Date "2017.11.07"]
[Round "6"]
[White "Sanan_Sjugirov"]
[Black "Tarlev_Konstantin"]
[Result "0-1"]
[WhiteElo "2650"]
[BlackElo "2632"]
[TimeControl "180+2"]
[EndTime "15:31:35 PST"]
[Termination "Tarlev_Konstantin won by resignation"]

1. Nf3 Nf6 2. g3 b6 3. d3 Bb7 4.
e4 c5 5. Bg2 d6 6. O-O g6 7. a4 Bg7 8. a5 O-O 9. Nbd2 b5 10. Re1 a6 11. d4 cxd4 12. Nxd4 Qc7 13. N2b3 Nbd7 14. c3 Nc5 15. Nxc5 dxc5 16. Nc2 Nd7 17.
Bf4 Ne5 18. Ne3 e6 19. Ng4 Rad8 20. Qe2 h5 21. Nxe5 Bxe5 22. Bg5 Rd7 23. Red1 c4 24.
Rxd7 Qxd7 25. Rd1 Qc7 26. Qd2 Qxa5 27. Bd8 Qa4 28. Be7 Re8 29. Bc5 Bc6 30. Bf3 Bg7 31. Qd6 Rc8 32. Bd4 Bxe4 33. Be2 Bxd4 34. Qxd4 Qc2 35.
Rd2 Qb1+ 36. Rd1 Qc2 37. Rd2 Qc1+ 38. Rd1 Qxb2 39. Qxe4 Qxc3 40. Qb7 Rc5 41. Qxa6 Kg7 42. Qd6 Rf5 43. f4 Qe3+ 44. Kf1 h4 45. Bg4 hxg3 46. hxg3 Rc5 47. Kg2 c3 48. Qd8 Rd5 49. Rxd5 exd5 50. Qc7 Qd2+ 51. Kh3 Qd4 52. Be6 Qf6 53. f5 d4 54. g4 gxf5 55. gxf5 d3 56. Qg3+ Kf8 57. Qd6+ Kg7 58. Qg3+ Kh7 59. Qxd3 fxe6 60. fxe6+ Kg8 61. Qxb5 Qxe6+ 62. Kg3 Qe3+ 63. Kh4 Kf7 64. Qd5+ Kf6 65. Qd6+ Kf5 66. Qd5+ Kf4 67. Qg5+ Kf3 68. Qg4+ Kf2 69. Qf5+ Ke1 70. Qb1+ Kd2 71. Qb4 Qd3 72. Kh5 Kd1 73.
Qa4+ c2 74. Kh6 Kd2 75. Qb4+ Ke2 76. Qb2 Qd2+ 0-1

[Event "*** MasterClass Titled Tuesday Blitz"]
[Site "Chess.com"]
[Date "2017.11.07"]
[Round "6"]
[White "VladDobrov"]
[Black "gammagramma"]
[Result "1/2-1/2"]
[WhiteElo "2645"]
[BlackElo "2446"]
[TimeControl "180+2"]
[EndTime "15:31:53 PST"]
[Termination "Game drawn by agreement"]

1. d4 d5 2. c4 e6 3. Nf3 Nf6 4. g3 Be7 5. Bg2 O-O 6. Qc2 dxc4 7. Qxc4 a6 8. a4 Qd5 9. Qd3 Nc6 10. Nc3 Nb4 11. Qd1 Qh5 12. O-O a5 13. e4 Rd8 14. Qb3 b6 15. h3 Bb7 16. g4 Nxg4 17. hxg4 Qxg4 18. Be3 Nd3 19. Rad1 Nf4 20. Bxf4 Qxf4 21.
Rfe1 Bb4 22. Qc2 Rd6 23. Nb5 Rc6 24. Nc3 Rd8 25. e5 Rc4 26. Re3 Qg4 27. Kf1 Rcxd4 28.
Rxd4 Rxd4 29. Ne2 Be4 30. Qc1 Rd3 31. Rxd3 Bxd3 32. Qe3 Qc4 33. Ne1 Bf5 34. b3 Qg4 35. Bf3 Qh3+ 36. Bg2 Qxe3 37. fxe3 c5 38. Kf2 Bb1 39.
Bc6 Kf8 40. Nc1 Bc3 41. Ned3 Bc2 42. Bb5 h5 43. Bc4 g5 44. Ne2 Ba1 45. Ng3 h4 46. Ne4 g4 47. Nf6 g3+ 48. Kg2 Kg7 49. Ng4 Kg6 50. e4 Kg5 51. Ne3 Bxd3 52. Bxd3 Bxe5 53. Nc4 Bc7 54. e5 Kg4 55. Be2+ Kf4 56. Kh3 Bxe5 57. Nxb6 Ke3 58. Bf1 Kf2 59. Bg2 f5 60.
Nc4 Bc7 61. Bc6 e5 62. Nd2 e4 63. Nxe4+ fxe4 64. Bxe4 Be5 65. Bd5 Bd6 66. Be4 Be7 67. Bd5 Ke3 68. Kg2 Kf4 69. Kh3 Ke5 70. Bc4 Kd4 71. Be6 Kd3 72. Bd5 Ke3 73. Bc4 Ke4 74. Bb5 Kf3 75. Bc6+ Kf2 76. Bd5 Bf6 77.
Bc6 Bc3 78. Bd5 Be1 79. Bc6 Ke3 80. Bd5 Kd2 81. Bc4 Kc3 82. Bd5 Kb4 83. Bc4 Bf2 84. Bd5 Kc3 85. Bc4 Be1 86. Bd5 Bf2 87. Bc4 Kd4 88.
Bb5 c4 89. Bxc4 Be1 90. Bb5 g2 91. Kxg2 h3+ 92. Kxh3 Bb4 93. Bc4 1/2-1/2

[Event "*** MasterClass Titled Tuesday Blitz"]
[Site "Chess.com"]
[Date "2017.11.07"]
[Round "7"]
[White "gammagramma"]
[Black "Jadeit90"]
[Result "1-0"]
[WhiteElo "2451"]
[BlackElo "2299"]
[TimeControl "180+2"]
[EndTime "15:34:55 PST"]
[Termination "gammagramma won by resignation"]

1. d4 Nf6 2. Nf3 c5 3. c3 cxd4 4.
cxd4 g6 5. Nc3 Bg7 6. Bg5 O-O 7. e4 d5 8. e5 Ne4 9. h4 Nxg5 10.
hxg5 Nc6 11. Bd3 Bg4 12. Rh4 Bxf3 13. Qxf3 e6 14. Qe3 h6 15. f4 hxg5 16. fxg5 Qb6 17.
O-O-O Nxe5 18. Rdh1 Nxd3+ 19. Qxd3 Rac8 20. Rh8+ Bxh8 21. Qh3 Rxc3+ 22. bxc3 1-0

[Event "*** MasterClass Titled Tuesday Blitz"]
[Site "Chess.com"]
[Date "2017.11.07"]
[Round "7"]
[White "gpeloui"]
[Black "lukas_111111"]
[Result "0-1"]
[WhiteElo "2262"]
[BlackElo "2364"]
[TimeControl "180+2"]
[EndTime "15:35:20 PST"]
[Termination "lukas_111111 won by resignation"]

1. e4 e6 2. d4 d5 3. Nc3 Bb4 4. e5 c5 5. a3 Bxc3+ 6. bxc3 Qa5 7. Bd2 Qa4 8. h4 Nc6 9. h5 cxd4 10. cxd4 Nxd4 11.
Rh4 Nxc2+ 12. Qxc2 Qxc2 13. Bb5+ Bd7 14. Rc1 Qf5 15. Bxd7+ Kxd7 16. Nf3 Ne7 17. Rf4 Qd3 18. Rxf7 Rac8 19. Rd1 Qe4+ 20. Kf1 Rhf8 21. Rxg7 Rxf3 22. gxf3 Qd3+ 23. Kg2 Qe2 0-1

[Event "*** MasterClass Titled Tuesday Blitz"]
[Site "Chess.com"]
[Date "2017.11.07"]
[Round "7"]
[White "LawrenceTrent"]
[Black "evgenysharapov"]
[Result "1-0"]
[WhiteElo "2372"]
[BlackElo "2247"]
[TimeControl "180+2"]
[EndTime "15:35:44 PST"]
[Termination "LawrenceTrent won by resignation"]

1. e4 c5 2. Nc3 Nc6 3. Nf3 e5 4. Bc4 Be7 5. d3 Nf6 6. g4 O-O 7. g5 Ne8 8. h4 d6 9. Rg1 Be6 10. h5 Bxc4 11. dxc4 Nd4 12. Nd5 Nc7 13. c3 Nxf3+ 14.
Qxf3 Nxd5 15. cxd5 Kh8 16. Qh1 f6 17. g6 Rg8 18. gxh7 Kxh7 19. Qg2 g5 20. hxg6+ Kg7 21. Bh6+ Kxh6 22. Qh3+ Kg7 23. Qh7+ 1-0

[Event "*** MasterClass Titled Tuesday Blitz"]
[Site "Chess.com"]
[Date "2017.11.07"]
[Round "7"]
[White "mikhaillushenkov"]
[Black "timator"]
[Result "1-0"]
[WhiteElo "2507"]
[BlackElo "2422"]
[TimeControl "180+2"]
[EndTime "15:36:11 PST"]
[Termination "mikhaillushenkov won by resignation"]

1. Nf3 Nf6 2. c4 e6 3. g3 b6 4.
Bg2 Bb7 5. O-O Be7 6. b3 O-O 7. Bb2 d5 8. e3 c5 9. Qe2 Nc6 10. Rd1 Qc7 11. Nc3 Rad8 12. Rac1 Qb8 13. cxd5 Nxd5 14.
Nxd5 Rxd5 15. d4 cxd4 16. Nxd4 Nxd4 17. Bxd4 Rdd8 18. Qg4 g6 19. Bxb7 Qxb7 20. Qf4 Rd5 21. Rc7 e5 22. Rxb7 1-0

[Event "*** MasterClass Titled Tuesday Blitz"]
[Site "Chess.com"]
[Date "2017.11.07"]
[Round "7"]
[White "EndgameGrinder"]
[Black "StoreySniper"]
[Result "1-0"]
[WhiteElo "2485"]
[BlackElo "2293"]
[TimeControl "180+2"]
[EndTime "15:36:16 PST"]
[Termination "EndgameGrinder won by checkmate"]

1. e4 g6 2. d4 Bg7 3. Nc3 c5 4. dxc5 Bxc3+ 5. bxc3 Nf6 6. Qd4 Nc6 7. Qe3 Qa5 8. Bc4 Nxe4 9. Ne2 Nxc5 10. O-O Ne6 11.
Bxe6 dxe6 12. Qh6 Qe5 13. Be3 Bd7 14. Rab1 O-O-O 15. Nd4 Qh5 16. Qf4 e5 17. Nxc6 exf4 18.
Nxe7+ Kc7 19. Bxf4+ Qe5 20. Bxe5# 1-0

[Event "*** MasterClass Titled Tuesday Blitz"]
[Site "Chess.com"]
[Date "2017.11.07"]
[Round "7"]
[White "Abdodi"]
[Black "kikydu96"]
[Result "0-1"]
[WhiteElo "2122"]
[BlackElo "2398"]
[TimeControl "180+2"]
[EndTime "15:37:05 PST"]
[Termination "kikydu96 won by resignation"]

1. e4 c5 2. d3 e6 3. g3 Nc6 4.
Bg2 Nf6 5. Nd2 Be7 6. Ngf3 O-O 7. O-O d5 8. Re1 b6 9. h4 Bb7 10. e5 Ng4 11. Nf1 f6 12. exf6 Rxf6 13. N1h2 Nxh2 14. Kxh2 Qf8 15. Bg5 Rg6 16. Bxe7 Qxe7 17. Qe2 Rf8 18. Bh3 e5 19. h5 Rgf6 20. Bg2 e4 21. dxe4 Rxf3 22.
Bxf3 Nd4 23. Qd3 Nxf3+ 24. Kg2 Nxe1+ 25. Rxe1 dxe4 26. Qc4+ Kh8 27. Re3 Qf6 28. Qe2 Qxb2 0-1

[Event "*** MasterClass Titled Tuesday Blitz"]
[Site "Chess.com"]
[Date "2017.11.07"]
[Round "7"]
[White "Alexander_Moskalenko"]
[Black "Genghis_K"]
[Result "1-0"]
[WhiteElo "2696"]
[BlackElo "2646"]
[TimeControl "180+2"]
[EndTime "15:37:08 PST"]
[Termination "Alexander_Moskalenko won by resignation"]

1. d4 d5 2. Bg5 f6 3. Bh4 Nh6 4.
f3 Nf5 5. Bf2 Nc6 6. c3 e5 7. e4 dxe4 8. fxe4 Nd6 9. d5 Nxe4 10.
Be3 Nb4 11. cxb4 Bxb4+ 12. Nd2 Bxd2+ 13. Bxd2 Qxd5 14. Nf3 Bg4 15. Qa4+ c6 16. Bc4 Qc5 17. Bf7+ Kxf7 18. Qxe4 Be6 19. Rf1 Kg8 20. Be3 Qd5 21. Qc2 Rd8 22. Kf2 Qc4 23. Qxc4 Bxc4 24. Rfc1 Bd5 25. Bxa7 Ra8 26. Bc5 Rxa2 27. Rxa2 Bxa2 28. Ra1 1-0

[Event "*** MasterClass Titled Tuesday Blitz"]
[Site "Chess.com"]
[Date "2017.11.07"]
[Round "7"]
[White "MFBerna"]
[Black "Bad4life"]
[Result "1-0"]
[WhiteElo "2311"]
[BlackElo "2366"]
[TimeControl "180+2"]
[EndTime "15:37:43 PST"]
[Termination "MFBerna won by resignation"]

1. e4 d6 2. d4 Nf6 3. Nc3 g6 4.
Nf3 Bg7 5. Bg5 O-O 6. h3 c5 7.
dxc5 dxc5 8. Qxd8 Rxd8 9. e5 Nfd7 10. O-O-O Nc6 11. Nd5 Kf8 12. e6 Nb6 13. Nc7 Bxb2+ 14. Kxb2 Rxd1 15. Bh6+ Kg8 16. exf7+ Kxf7 17. Nxa8 Na4+ 18.
Kb3 Rb1+ 19. Kxa4 Rb4+ 20. Ka3 Be6 21. Ng5+ Kf6 22. Nxe6 Kxe6 23. Nc7+ Kf6 24. Nd5+ Ke5 25. Nxb4 1-0

[Event "*** MasterClass Titled Tuesday Blitz"]
[Site "Chess.com"]
[Date "2017.11.07"]
[Round "7"]
[White "jncool68"]
[Black "Squirlolz"]
[Result "1-0"]
[WhiteElo "2486"]
[BlackElo "2428"]
[TimeControl "180+2"]
[EndTime "15:37:51 PST"]
[Termination "jncool68 won by resignation"]

1. e4 e6 2. d4 d5 3. Nc3 Nf6 4. e5 Nfd7 5. f4 c5 6. Nf3 Nc6 7. Be3 a6 8. Qd2 Be7 9. a3 b5 10. dxc5 Nxc5 11. Qf2 Na4 12. Nxa4 bxa4 13. Bd3 Rb8 14.
O-O Rxb2 15. f5 exf5 16. Nd4 Nxd4 17. Bxd4 Rb8 18. Bxf5 Bxf5 19. Qxf5 O-O 20. e6 fxe6 21. Qxe6+ Kh8 22. Rxf8+ Bxf8 23. Rf1 Rc8 24. Qxa6 Rxc2 25. Qxa4 Rc4 26. Qd7 Rc8 27. Rxf8+ Qxf8 28. Bxg7+ Qxg7 29. Qxc8+ Qg8 30. Qxg8+ 1-0

[Event "*** MasterClass Titled Tuesday Blitz"]
[Site "Chess.com"]
[Date "2017.11.07"]
[Round "7"]
[White "pKiLz5Rn9b"]
[Black "GMHess"]
[Result "0-1"]
[WhiteElo "2566"]
[BlackElo "2581"]
[TimeControl "180+2"]
[EndTime "15:38:04 PST"]
[Termination "GMHess won by resignation"]

1. b3 Nc6 2. Bb2 e5 3. e3 Nf6 4. Nf3 e4 5. Nd4 Nxd4 6. Bxd4 c5 7. Bb2 Be7 8. d3 O-O 9. Nd2 d5 10. c4 d4 11. exd4 e3 12. fxe3 Ng4 13. Qf3 Bg5 14. Ne4 Bh6 15. dxc5 Nxe3 16. Be2 f5 17. Nd6 Qa5+ 18. Kf2 Qxc5 19. Nxc8 Nd1+ 20. Kg3 f4+ 21.
Kh4 Qg5+ 22. Kh3 Qf5+ 23. Qg4 Nf2+ 24. Kh4 Nxg4 25. Bxg4 Qg5+ 26. Kh3 Raxc8 0-1

[Event "*** MasterClass Titled Tuesday Blitz"]
[Site "Chess.com"]
[Date "2017.11.07"]
[Round "7"]
[White "ChadBiryani"]
[Black "AllStarShark"]
[Result "1-0"]
[WhiteElo "2174"]
[BlackElo "2262"]
[TimeControl "180+2"]
[EndTime "15:38:18 PST"]
[Termination "ChadBiryani won on time"]

1. d4 d5 2. Bf4 Nf6 3. e3 c5 4.
dxc5 Nc6 5. Bb5 e6 6. b4 Bd7 7. c3 a5 8. Qb3 Be7 9. Nf3 O-O 10. O-O Nh5 11. Nbd2 Nxf4 12. exf4 Bf6 13. Rab1 b6 14. Bxc6 Bxc6 15. b5 Bb7 16. c6 Bc8 17. Ne5 Qc7 18. Ndf3 Be7 19. c4 f6 20. Nd3 e5 21. cxd5 e4 22. d6+ Be6 23. Qxe6+ Kh8 24. dxc7 exf3 25. Qxe7 Rfe8 26. Qd7 f5 27. Rfe1 Re2 28. Qd8+ 1-0

[Event "*** MasterClass Titled Tuesday Blitz"]
[Site "Chess.com"]
[Date "2017.11.07"]
[Round "7"]
[White "Bryakin_Mikhail"]
[Black "Hanging_pointer"]
[Result "1-0"]
[WhiteElo "2505"]
[BlackElo "2340"]
[TimeControl "180+2"]
[EndTime "15:38:43 PST"]
[Termination "Bryakin_Mikhail won by checkmate"]

1. b3 e5 2. Bb2 Nc6 3. Nf3 e4 4. Nd4 Nf6 5. e3 Bc5 6. Nxc6 dxc6 7. d4 exd3 8. Bxd3 Bg4 9. Be2 Qxd1+ 10. Bxd1 Bxd1 11.
Kxd1 O-O-O+ 12. Ke2 Ne4 13. f3 Ng5 14. h4 Rhe8 15.
e4 Nxe4 16. fxe4 Rxe4+ 17. Kf3 Re3+ 18. Kf4 Rde8 19. Bxg7 Bd6+ 20. Kf5 Re2 21. Rf1 Rxg2 22. Bf6 Rxc2 23. Nc3 Re3 24. Ne4 Rce2 25. Ng5 h6 26.
Nxf7 Ba3 27. Nxh6 Rg2 28. Rae1 Rd3 29. Re8+ Kd7 30. Rd8# 1-0

[Event "*** MasterClass Titled Tuesday Blitz"]
[Site "Chess.com"]
[Date "2017.11.07"]
[Round "7"]
[White "Rhinos1"]
[Black "GameOverBro"]
[Result "0-1"]
[WhiteElo "2050"]
[BlackElo "2333"]
[TimeControl "180+2"]
[EndTime "15:38:44 PST"]
[Termination "GameOverBro won by checkmate"]

1. e4 d6 2. d3 Nf6 3. g3 g6 4.
Bg2 Bg7 5. f4 O-O 6. Nf3 c5 7.
O-O Nc6 8. c3 Qd7 9. Nbd2 b5 10.
a3 Bb7 11. Qe2 a5 12. Kh1 b4 13. a4 e5 14. Nc4 Qc7 15. fxe5 dxe5 16. Be3 Nd7 17.
Bh3 f5 18. exf5 gxf5 19. Ng5 Nd4+ 20. Qg2 Bxg2+ 21. Bxg2 Nc2 22. Bd5+ Kh8 23. Ne6 Qa7 24. Bg1 Nxa1 25. Rxa1 Nf6 26. Bxc5 Qd7 27. Nb6 Qf7 28. Nxf8 Nxd5 29. Nxa8 Bxf8 30. c4 Bxc5 31. cxd5 Qxd5# 0-1

[Event "*** MasterClass Titled Tuesday Blitz"]
[Site "Chess.com"]
[Date "2017.11.07"]
[Round "7"]
[White "PrinceMurad09"]
[Black "Ar4uha"]
[Result "0-1"]
[WhiteElo "2238"]
[BlackElo "2426"]
[TimeControl "180+2"]
[EndTime "15:38:44 PST"]
[Termination "Ar4uha won by resignation"]

1. e4 d6 2. d4 Nf6 3. Nc3 e5 4. Nge2 Be7 5. h3 O-O 6. g3 c6 7.
Bg2 a5 8. a4 Na6 9. O-O Nb4 10.
Be3 Be6 11. b3 Qc7 12. Qd2 Rad8 13. Rad1 d5 14. dxe5 Nxe4 15. Nxe4 dxe4 16. Qc3 Nd5 17.
Qd4 Nxe3 18. Qxe3 Qxe5 19. Bxe4 Qh5 20. g4 Qc5 21. Qf3 Rxd1 22. Rxd1 Rd8 23. Rxd8+ Bxd8 24. Qd3 Bb6 25. Qf3 g6 26. Bd3 Qe5 27. Qe4 Qa1+ 28.
Kh2 Qe1 29. f4 Qf2+ 30. Qg2 Qe3 31. Qe4 Qf2+ 32. Qg2 Qe1 33. Qg3 Bf2 34. Qf3 Bd5 35. Be4 Bxe4 36. Qxe4 Bg1+ 37. Kh1 Be3+ 0-1

[Event "*** MasterClass Titled Tuesday Blitz"]
[Site "Chess.com"]
[Date "2017.11.07"]
[Round "7"]
[White "saikrishnaReturns"]
[Black "pastouche06"]
[Result "0-1"]
[WhiteElo "2463"]
[BlackElo "2352"]
[TimeControl "180+2"]
[EndTime "15:38:55 PST"]
[Termination "pastouche06 won by checkmate"]

1. e4 c5 2. Nf3 Nc6 3. Nc3 e5 4. Bb5 d6 5. O-O Be7 6. Nd5 Nf6 7. c3 O-O 8. Bxc6 bxc6 9. Nxe7+ Qxe7 10. d3 h6 11. b3 Be6 12. h3 a5 13. a4 Rfb8 14. Nd2 Rb6 15. f4 exf4 16. Rxf4 Rab8 17. c4 Nd7 18.
Bb2 Ne5 19. Qe2 Rxb3 20. Nxb3 Rxb3 21. Bxe5 dxe5 22. Rf3 Qb7 23. Qd2 Qb6 24. g4 Rb2 25. Qc3 f6 26. Rf2 Rb3 27. Qd2 Qd8 28. Ra2 Qd4 29.
Rb2 Rxd3 30. Qxa5 Rd1+ 31. Kh2 Qxe4 32. Rg2 Qf4+ 33. Rg3 Qf1 34. Rgg2 Qh1+ 35. Kg3 Rd3+ 36. Kf2 e4 37. Qxc5 Rf3+ 38. Ke2 Qf1+ 39. Kd2 Rd3+ 40.
Kc2 Qd1# 0-1

[Event "*** MasterClass Titled Tuesday Blitz"]
[Site "Chess.com"]
[Date "2017.11.07"]
[Round "7"]
[White "KamilPlichta"]
[Black "Noukii"]
[Result "1-0"]
[WhiteElo "2571"]
[BlackElo "2597"]
[TimeControl "180+2"]
[EndTime "15:39:02 PST"]
[Termination "KamilPlichta won by resignation"]

1. c4 e5 2. Nc3 Nf6 3. Nf3 Nc6 4.
e3 Bb4 5. Qc2 O-O 6. Nd5 Re8 7.
Qf5 d6 8. Nxf6+ Qxf6 9. Qxf6 gxf6 10. a3 Bc5 11. b4 Bb6 12. Bb2 a5 13. b5 Nd8 14. d4 Bg4 15. c5 Ba7 16. b6 Bb8 17. bxc7 Bxc7 18. cxd6 Bxd6 19. dxe5 fxe5 20. Bb5 Nc6 21.
Rd1 Red8 22. h3 Bxf3 23. gxf3 Kf8 24. Rg1 h6 25. Rg4 Ke7 26. Ke2 Na7 27. Bd3 Rac8 28.
Rh4 Rh8 29. f4 f6 30. Bf5 Rc7 31. Rg1 Kf7 32. Rg6 Nb5 33. Rgxh6 Rxh6 34. Rxh6 Rc6 35. Rh7+ Kg8 36. Rxb7 Nxa3 37. fxe5 fxe5 38. f4 exf4 39. Be6+ Kf8 40. Bg7+ Ke8 41. Bd7+ 1-0

[Event "*** MasterClass Titled Tuesday Blitz"]
[Site "Chess.com"]
[Date "2017.11.07"]
[Round "7"]
[White "LastHeroJr"]
[Black "igorkovalenko"]
[Result "0-1"]
[WhiteElo "2391"]
[BlackElo "2777"]
[TimeControl "180+2"]
[EndTime "15:39:18 PST"]
[Termination "igorkovalenko won on time"]

1. e4 c6 2. d4 d5 3. e5 Bf5 4. Nf3 e6 5. Be2 Ne7 6. O-O Nd7 7. a4 h6 8. a5 Qc7 9. b4 g5 10. Ne1 Bg7 11. Nd3 f6 12. Bh5+ Kd8 13. exf6 Nxf6 14.
Ne5 Nxh5 15. Nf7+ Kd7 16. Nxh8 Nf4 17. Nf7 Rf8 18. Ne5+ Bxe5 19. dxe5 Qxe5 20. Ra3 Qd6 21. Rb3 e5 22. Re1 Neg6 23. Nc3 Nh4 24. Bxf4 gxf4 25. Qh5 Qf6 26. b5 Rg8 27. bxc6+ bxc6 28. g3 Kd6 29. Rd1 e4 30. Ne2 Bg4 31. Qxh4 Qxh4 0-1